 Dungeon Crawl Stone Soup version 0.22-a0-197-g4ac3794 (webtiles) character file.

32 wazuzu the Chopper (level 3, 0/30 HPs)
             Began as a Hill Orc Gladiator on Feb 17, 2018.
             Slain by a gnoll
             ... wielding a +0 halberd
              (9 damage)
             ... on level 2 of the Dungeon.
             The game lasted 00:01:59 (823 turns).

wazuzu the Chopper (Hill Orc Gladiator)              Turns: 823, Time: 00:01:59

Health: 0/30       AC:  4    Str: 17    XL:     3   Next: 27%
Magic:  3/3        EV: 12    Int:  8    God:
Gold:   64         SH:  0    Dex: 12    Spells: 2/2 levels left

rFire    . . .     SeeInvis .   a - +0 war axe
rCold    . . .     Gourm    .   (no shield)
rNeg     . . .     Faith    .   b - +0 leather armour
rPois    .         Spirit   .   c - +0 helmet
rElec    .         Reflect  .   (no cloak)
rCorr    .         Harm     .   (no gloves)
MR       .....                  (no boots)
Stlth    +.........             (no amulet)
HPRegen  0.10/turn              (no ring)
MPRegen  0.08/turn              (no ring)

@: no status effects
A: no striking features
a: no special abilities


You were on level 2 of the Dungeon.
You were not hungry.

You visited 1 branch of the dungeon, and saw 2 of its levels.

You collected 64 gold pieces.

Inventory:

Hand Weapons
 a - a +0 war axe (weapon)
Missiles
 d - 3 throwing nets (quivered)
Armour
 b - a +0 leather armour (worn)
 c - a +0 helmet (worn)
Scrolls
 e - a scroll of teleportation {unknown}
 h - 2 scrolls of identify {unknown}
Potions
 g - a potion of brilliance {unknown}
 i - a potion of lignification
Comestibles
 f - a ration


   Skills:
 - Level 2.4 Fighting
 + Level 5.7 Axes
 - Level 1.7 Throwing
 - Level 2.4 Dodging


You had 2 spell levels left.
You didn't know any spells.

Dungeon Overview and Level Annotations

Branches:
Dungeon (2/15)

Altars:


Message History

The gnoll barely misses you.
The gnoll hits you from afar with a halberd.
The gnoll hits you but does no damage.
The gnoll hits you from afar with a halberd.
Your transformation is almost over.
The gnoll hits you from afar with a halberd.
The gnoll hits you but does no damage. The gnoll hits you but does no damage.
The gnoll hits you from afar with a halberd.
The gnoll hits you from afar with a halberd.
The gnoll hits you but does no damage.
The gnoll hits you from afar with a halberd.
The gnoll hits you but does no damage. The gnoll hits you but does no damage.
You feel less wooden.
Your +0 helmet unmelds from your body.
Your +0 leather armour unmelds from your body.
The gnoll closely misses you.
The gnoll hits you from afar with a halberd!
You die...

### ..# #.# #.# #####.###
#.....g.# ### #.###.#.#
##.## #.# #@#g#####...##
#.###.###.#....gS....####.
#.........#######.........
#####<##### ##.######. #.#
#.# #.. #g# #### ##'##
##..S## ##.....##


You could see a gnoll.

Vanquished Creatures
  A gnoll (D:2)
  An ooze (D:1)
  4 giant cockroaches (D:1)
  2 hobgoblins (D:1)
  4 jackals (D:1)
  A kobold (D:1)
  A goblin (D:1)
  2 rats (D:1)
16 creatures vanquished.

Notes
Turn   | Place    | Note
-------+----------+-------------------------------------------
     0 | D:1      | wazuzu the Hill Orc Gladiator began the quest for the Orb.
     0 | D:1      | Reached XP level 1. HP: 18/18 MP: 1/1
   145 | D:1      | Reached XP level 2. HP: 20/25 MP: 2/2
   335 | D:1      | Reached skill level 5 in Axes
   774 | D:2      | Reached XP level 3. HP: 29/30 MP: 3/3
   823 | D:2      | Slain by a gnoll

Vault maps used:
D:1:      lemuel_arrival_cross
D:2:      gammafunk_temple_overflow_statue, first_ration, minmay_bisected

Skill      XL: |  1  2 |
---------------+-------+-----
Axes           | 5 |  5.7
Fighting       | |  2.4
Throwing       | |  1.7
Dodging        | |  2.4

Action                   || total
-------------------------++-------
Melee: War axe           ||    37
  Use: Potion            ||     1
 Stab: Sleeping          ||     1
Armor: Leather armour    ||    17
       Skin              ||    13
Dodge: Dodged            ||    25

Table legend:
 A = Spawn XP
 B = Non-spawn XP
 C = Spawn XP percentage of total XP
 D = Spawn monster count
 E = Non-spawn monster count
 F = Spawn count percentage of total count
 G = Total turns spent on level
                    A         B        C        D         E        F      G
               +---------+---------+-------+---------+---------+-------+---------
         Total |       0 |      47 |   0.0 |       0 |      16 |   0.0 |   823
               +---------+---------+-------+---------+---------+-------+---------
           D:1 |       0 |      32 |   0.0 |       0 |      15 |   0.0 |   741
           D:2 |       0 |      15 |   0.0 |       0 |       1 |   0.0 |    82
               +---------+---------+-------+---------+---------+-------+---------
